 Dungeon Crawl Stone Soup version 0.29.0-10-g45618ea6d2 (webtiles) character file.

Game seed: 7891981415012235880

1495 Zeldest the Ruffian (level 8, -1/69 (80) HPs)
             Began as a Troll Delver on Sept 1, 2022.
             Slain by a wight
             ... wielding a +0 scimitar
              (13 damage)
             ... on level 6 of the Dungeon.
             The game lasted 00:05:07 (3636 turns).

Zeldest the Ruffian (Troll Delver)                  Turns: 3636, Time: 00:05:07

HP:   -1/69 (80)    AC:  4    Str: 21    XL:     8   Next: 51%
MP:   7/7           EV:  9    Int:  8    God:
Gold: 284           SH:  0    Dex: 11    Spells: 7/7 levels left

rFire   . . .      SeeInvis .     - Unarmed
rCold   . . .      Faith    .   (no shield)
rNeg    . . .      Spirit   .   a - +0 robe
rPois   .          Reflect  .   (helmet restricted)
rElec   .          Harm     .   (no cloak)
rCorr   .          Rampage  .   (gloves unavailable)
Will    +....                   (boots unavailable)
Stlth   +.........              (no amulet)
HPRegen 1.01/turn               k - ring of flight
MPRegen 0.10/turn               s - ring of willpower

@: flying, glowing, heavily drained
A: large, unfitting armour, claws 3, regeneration 1, shaggy fur 1, tough skin 1
a: no special abilities


You were on level 6 of the Dungeon.
You visited 1 branch of the dungeon, and saw 6 of its levels.

You collected 284 gold pieces.

Inventory:

Missiles
 j - 6 javelins (quivered)
 C - 3 large rocks
Armour
 a - a +0 robe (worn)
Jewellery
 k - a ring of flight (left claw)
 s - a ring of willpower (right claw)
Wands
 f - a wand of digging (3)
 q - a wand of flame (18)
Scrolls
 b - 3 scrolls of fog
 c - 2 scrolls of magic mapping
 d - a scroll of fear
 g - 3 scrolls of enchant armour
 h - a scroll of brand weapon {unknown}
 i - 3 scrolls of identify
 l - 2 scrolls of noise {unknown}
 m - 3 scrolls of amnesia {unknown}
 o - 2 scrolls of teleportation {unknown}
 p - 2 scrolls of poison {unknown}
 r - a scroll of immolation {unknown}
 x - a scroll of acquirement {unknown}
 y - a scroll of enchant weapon {unknown}
Potions
 e - a potion of haste
 t - a potion of flight
 u - a potion of cancellation {unknown}
 v - 3 potions of might {unknown}
 w - a potion of ambrosia {unknown}
 z - a potion of degeneration {unknown}
 A - a potion of curing {unknown}
 B - 2 potions of attraction {unknown}


   Skills:
 + Level 5.0 Fighting
 + Level 4.6 Throwing
 - Level 1.5 Dodging
 - Level 2.7 Stealth
 * Level 7.8 Unarmed Combat


You had 7 spell levels left.
You didn't know any spells.
Your spell library contained the following spells:

 Spells                   Type           Power      Damage    Failure   Level
 Sting                    Tmut/Pois      0%         1d3       41%         1
 Poisonous Vapours        Pois/Air       0%         N/A       54%         2
 Static Discharge         Conj/Air       0%         3-3/arc   54%         2
 Conjure Flame            Conj/Fire      0%         6-21      78%         3
 Ignite Poison            Fire/Tmut/Pois 0%         N/A       78%         3
 Corpse Rot               Necr/Pois/Air  0%         N/A       99%         4
 Dispel Undead            Necr           0%         3d6       99%         4
 Hailstorm                Conj/Ice       0%         3d3       99%         4
 Ice Form                 Ice/Tmut       0%         N/A       99%         4
 Olgreb's Toxic Radiance  Pois           0%         N/A       99%         4
 Sticky Flame             Conj/Fire      0%         2d3       99%         4
 Simulacrum               Ice/Necr       0%         N/A       100%        6


Dungeon Overview and Level Annotations

Branches:
Dungeon (6/15)
 Temple: D:4-7

Altars:
Sif Muna
Yredelemnul

Shops:
D:2 (

Annotations:
D:4 1 runed translucent door


Innate Abilities, Weirdness & Mutations

You are too large for most types of armour.
You have claws for hands.
Your natural rate of healing is unusually fast.
You are covered in fur. (AC +1)
You have tough skin. (AC +1)


Message History

You mangle the wight!!
You destroy the wight!
The wight barely misses you.
Things that are here:
a +0 mace; a +0 robe The wight blocks your attack.
The wight hits you with a +0 flail!
You feel drained.
You scratch the wight.
The wight is moderately damaged.
The wight hits you with a +0 flail!
You barely miss the wight.
The wight is moderately damaged.
The wight hits you with a +0 flail!
You feel drained.
You are too injured to fight recklessly!
You are too injured to fight recklessly!
You are too injured to fight recklessly!
You scratch the wight but do no damage.
The wight is moderately damaged.
The wight barely misses you. x2
You closely miss the wight.
The wight is moderately damaged.
The wight hits you with a +0 flail! The wight hits you with a +0 scimitar.
You feel drained.
You barely miss the wight.
The wight is moderately damaged.
The wight hits you with a +0 flail! The wight hits you with a +0 scimitar.
* * * LOW HITPOINT WARNING * * *
You feel drained.
* * * LOW HITPOINT WARNING * * *
You can't see any enemies this would affect, really read the scroll of fear?
Okay, then.
As you read the scroll labelled GAHUUSAERA, it crumbles to dust.
It is a scroll of identify.
g - 3 scrolls of enchant armour The wight hits you with a +0 flail!
* * * LOW HITPOINT WARNING * * *
You feel drained.
* * * LOW HITPOINT WARNING * * *
The wight hits you with a +0 scimitar!
You die...

+... #... #..# #..##
#........ ........#...#
#........ ........#...#
#....z... ........#...#
#........ ........#...#
#........
........#.@########........
........#zz##.....#........
........#........z'........
........'.........#........
........#.........#........
........#.........#....####
........#.........#....#
........#..##.....#....#
........#..##.....#....#


You could see 2 wights.

Vanquished Creatures
  Eustachio (D:4)
  A water moccasin (D:5)
  An ice beast (D:5)
  An ogre (D:5)
  3 phantoms
  A gnoll sergeant (D:6)
  A necrophage (D:4)
  A wight (D:6)
  A hound (D:4)
  6 orc priests
  3 jellies
  Jessica (D:2)
  3 orc wizards
  11 gnolls
  5 adders
  2 white imps
  2 ufetubi (D:4)
  A worm (D:3)
  5 dart slugs
  13 orcs
  3 endoplasms
  4 giant cockroaches
  8 goblins
  7 hobgoblins
  4 jackals (D:5)
  6 kobolds
  A quokka (D:3)
  3 ball pythons
  4 bats
  2 frilled lizards (D:1)
  A goblin zombie (D:4)
  5 rats
111 creatures vanquished.

Vanquished Creatures (others)
  17 fungi (D:4)
17 creatures vanquished.

Grand Total: 128 creatures vanquished

Notes
Turn   | Place    | Note
-------+----------+-------------------------------------------
     0 | D:5      | Zeldest the Troll Delver began the quest for the Orb.
     0 | D:5      | Reached XP level 1. HP: 22/22 MP: 0/0
     7 | D:5      | Noticed an orc wizard
     7 | D:5      | Noticed an orc wizard
     7 | D:5      | Noticed an orc priest
    17 | D:5      | Reached XP level 2. HP: 24/29 MP: 1/1
    40 | D:5      | Reached skill level 1 in Throwing
    40 | D:5      | Reached XP level 3. HP: 32/36 MP: 2/2
   171 | D:5      | Noticed a phantom
   192 | D:5      | Killed a phantom
   193 | D:5      | Reached skill level 3 in Unarmed Combat
   193 | D:5      | Reached XP level 4. HP: 44/45 MP: 3/3
   213 | D:5      | Noticed a phantom
   225 | D:5      | Killed a phantom
   226 | D:5      | Reached skill level 4 in Unarmed Combat
   226 | D:5      | Reached XP level 5. HP: 42/53 MP: 4/4
   306 | D:5      | Reached XP level 6. HP: 60/61 MP: 5/5
   334 | D:5      | Noticed an ice beast
   353 | D:4      | Reached skill level 5 in Unarmed Combat
   418 | D:4      | Found a runed translucent door.
   418 | D:4      | Noticed a human
   420 | D:4      | Found a basalt altar of Yredelemnul.
   774 | D:4      | Reached XP level 7. HP: 62/68 MP: 6/6
   936 | D:4      | Found a shimmering blue altar of Sif Muna.
  1219 | D:3      | Reached skill level 6 in Unarmed Combat
  1839 | D:2      | Found Tient's Weapon Emporium.
  2037 | D:2      | Noticed Jessica
  2047 | D:2      | Killed Jessica
  2627 | D:1      | Found a faded altar of an unknown god.
  2846 | D:5      | Noticed Eustachio
  2872 | D:4      | Killed Eustachio
  2912 | D:5      | Reached skill level 7 in Unarmed Combat
  2912 | D:5      | Reached XP level 8. HP: 61/79 MP: 7/7
  3447 | D:6      | Reached skill level 5 in Fighting
  3636 | D:6      | Slain by a wight

Illustrated notes

Levels and vault maps discovered:
D:1:      shiori_arrival_oz, layout_basic, hellmonk_ecumenical_altar_zigzags,
          chequers_garden
D:2:      layout_basic, serial_shops, nicolae_shop_bloodbath_and_beyond,
          st_stairs_2, uniq_jessica
D:3:      layout_loops_cross
D:4:      layout_loops_ring, nicolae_sif_muna_little_library,
          dk_yredelemnul_ordeal, serial_aquarium, aquarium_bridge_island_small
          [aquarium_subvault_small_open, aquarium_subvault_bridge,
          aquarium_subvault_bridge, aquarium_subvault_bridge,
          aquarium_subvault_balcony], aquarium_window_fake, aquarium_window_2,
          aquarium_window_3, aquarium_view_2c, aquarium_balcony_1b
D:5:      nicolae_cairo_tiling_large_dashed, layout_rooms, uniq_eustachio
D:6:      layout_gridville, grunt_ministairs_14, uniq_pikel

Skill      XL: |  1  2  3  4  5  6  7  8 |
---------------+-------------------------+-----
Throwing       | 1 2 3 4 |  4.6
Fighting       | 3 4 5 |  5.0
Unarmed Combat | 3 4 5 7 |  7.8
Dodging        | |  1.5
Stealth        | |  2.7

Action                   |  1- 3 |  4- 6 |  7- 9 || total
-------------------------+-------+-------+-------++-------
Melee: Unarmed           |    19 |    73 |   228 ||   320
       Punch             |       |       |     5 ||     5
  Use: Potion            |       |       |     3 ||     3
       Scroll            |       |       |     1 ||     1
 Stab: Sleeping          |       |       |     7 ||     7
Armor: Robe              |     7 |    14 |    54 ||    75
Dodge: Dodged            |     6 |    45 |    89 ||   140
